AoeStats
← scribbledreamer

Arena

507147165Analyzed
4v4 RM · 16d ago on Sep 16, 2026· 63m 42s· 8 players
Game mode
Random Map
Map size
Large (8 player)
Population
200
Speed
Normal
Resources
Standard
Victory
Conquest
Starting age
Dark Age
Ending age
Imperial Age
RankedLock teamsTeams togetherTeam positionsShared explorationLock speedFull tech treeHidden civsTurbo modeCheats
Victory
Defeat
🇨🇱 Italians · Chile
986
+15
🇨🇱 Franks · Chile
949
+17
🇺🇸 Cumans · United States
882
+20
🇨🇱 Ethiopians · Chile
873
+20
🇨🇭 Britons · Switzerland
1008
-19
🇺🇦 Japanese · Ukraine
980
-19
🇪🇸 Persians · Spain
959
-25
🇬🇹 Cumans · Guatemala
914
-16
marin.nikolaev9
8:41 Loom
11:52 Feudal Age
17:05 Castle Age
14:55 Double-Bit Axe
17:53 Wheelbarrow
17:04 Horse Collar
17:55 Gold Mining
18:00 Stone Mining
19:40 Bow Saw
24:37 Hand Cart
31:28 Imperial Age
30:52 Gold Shaft Mining
30:54 Stone Shaft Mining
30:27 Heavy Plow
31:32 Forging
31:14 Fletching
34:41 Two-Man Saw
34:19 Conscription
35:09 Scale Barding Armor
35:00 Bodkin Arrow
35:42 Iron Casting
35:07 Padded Archer Armor
35:30 Ballistics
37:00 Scale Mail Armor
37:21 Chain Barding Armor
38:04 Chemistry
37:49 Masonry
38:00 Bloodlines
37:53 Husbandry
37:16 Crossbowman
38:05 Thumb Ring
37:51 Light Cavalry
38:59 Heavy Camel Rider
39:20 Hussar
ReynaldDeZureich
11:17 Feudal Age
15:19 Castle Age
13:47 Double-Bit Axe
14:02 Fletching
15:28 Loom
16:41 Bow Saw
17:36 Gold Mining
18:26 Wheelbarrow
21:29 Gold Shaft Mining
27:18 Imperial Age
26:19 Bodkin Arrow
27:20 Horse Collar
28:07 Bracer
33:59 Chemistry
34:26 Yeomen
36:24 Conscription
38:35 Elite Longbowman
39:25 Padded Archer Armor
41:08 Leather Archer Armor
41:16 Ballistics
41:02 Siege Engineers
43:42 Ring Archer Armor
46:05 Hand Cart
45:49 Onager
juniorhernandez2675
0:34 Loom
11:29 Feudal Age
12:46 Wheelbarrow
19:38 Castle Age
18:45 Horse Collar
18:53 Double-Bit Axe
21:07 Hand Cart
22:29 Heavy Plow
26:57 Forging
27:15 Bloodlines
31:21 Bow Saw
31:49 Scale Barding Armor
32:19 Iron Casting
32:22 Gold Mining
32:23 Stone Mining
35:21 Imperial Age
35:40 Chain Barding Armor
35:23 Cavalier
37:34 Paladin
43:48 Blast Furnace
43:24 Plate Barding Armor
Andrxuv
14:32 Feudal Age
19:30 Castle Age
17:45 Loom
18:52 Double-Bit Axe
18:49 Horse Collar
20:45 Gold Mining
20:56 Heavy Plow
21:13 Bow Saw
26:49 Squires
26:37 Arson
33:58 Forging
33:49 Scale Mail Armor
39:45 Imperial Age
41:19 Elite Samurai
42:07 Capped Ram
45:06 Iron Casting
59:23 Onager
scribbledreamer
10:08 Loom
11:58 Feudal Age
12:57 Double-Bit Axe
14:20 Horse Collar
20:26 Wheelbarrow
22:57 Bloodlines
26:40 Forging
26:32 Scale Mail Armor
26:23 Fletching
28:59 Castle Age
30:42 Castle Age
35:48 Castle Age
39:54 Bodkin Arrow
40:23 Scale Barding Armor
56:17 Man-at-Arms
Cr4toZ
3:22 Loom
12:01 Feudal Age
13:05 Double-Bit Axe
16:01 Castle Age
17:32 Bow Saw
22:53 Wheelbarrow
24:38 Hand Cart
24:27 Gold Mining
26:21 Gold Shaft Mining
26:26 Stone Mining
27:40 Scale Barding Armor
27:46 Forging
28:17 Husbandry
28:42 Chain Barding Armor
31:09 Imperial Age
30:17 Iron Casting
30:26 Ballistics
33:07 Cavalier
34:25 Plate Barding Armor
34:51 Blast Furnace
35:36 Chemistry
34:44 Siege Engineers
34:37 Paladin
45:45 Conscription
55:50 Caravan
59:01 Conscription
63:00 Spies/Treason
Chocapic
11:22 Feudal Age
16:27 Castle Age
18:59 Gold Mining
18:57 Double-Bit Axe
20:24 Gold Shaft Mining
20:22 Town Watch
21:14 Wheelbarrow
21:55 Bow Saw
24:19 Hand Cart
27:10 Ballistics
30:34 Imperial Age
32:17 Padded Archer Armor
32:07 Fletching
33:23 Chemistry
32:35 Crossbowman
33:21 Thumb Ring
36:27 Arbalester
38:25 Leather Archer Armor
38:05 Bodkin Arrow
40:16 Elite Skirmisher
44:39 Ring Archer Armor
44:09 Bracer
51:17 Bracer
Lopbuelotov
10:34 Loom
13:19 Feudal Age
17:15 Castle Age
20:01 Stone Mining
21:04 Fletching
26:00 Double-Bit Axe
27:19 Wheelbarrow
26:47 Horse Collar
27:46 Town Watch
30:42 Bodkin Arrow
30:10 Elite Skirmisher
34:40 Imperial Age
33:35 Ballistics
34:00 Padded Archer Armor
36:27 Chemistry
38:41 Bracer
38:59 Leather Archer Armor
51:31 Hand Cart
53:20 Ring Archer Armor
53:20 Conscription
53:02 Gold Mining
53:52 Stone Shaft Mining
55:17 Bow Saw
57:44 Scale Barding Armor
57:20 Elite Genoese Crossbowman
58:43 Treadmill Crane
59:14 Masonry
Connection lost

Rejoining the realm…

Still unreachable

The connection could not be restored.

Session expired

The server has moved on; the page needs a fresh start.